 Dungeon Crawl Stone Soup version 0.24.1 (webtiles) character file.

Game seed: 3966584405875627534, levelgen mode: deterministic

823 Descartes the Magician (level 7, -7/36 HPs)
             Began as a Deep Elf Air Elementalist on Mar 27, 2020.
             Shot with an arrow by a centaur (11 damage)
             ... on level 5 of the Dungeon.
             The game lasted 00:28:53 (6520 turns).

Descartes the Magician (Deep Elf Air Elementalist)  Turns: 6520, Time: 00:28:54

Health: -7/36      AC:  7    Str:  6    XL:     7   Next: 64%
Magic:  9/16       EV: 12    Int: 21    God:
Gold:   344        SH:  0    Dex: 19    Spells: 6/16 levels left

rFire    x . .     SeeInvis .   g - +2 dagger (venom)
rCold    + . .     Gourm    .   (no shield)
rNeg     . . .     Faith    .   e - +3 leather armour
rPois    .         Spirit   .   k - +0 helmet
rElec    .         Reflect  .   (no cloak)
rCorr    .         Harm     .   (no gloves)
MR       .....     Clarity  +   (no boots)
Stlth    +++.......             (no amulet)
HPRegen  0.12/turn              l - +2 ring of dexterity
MPRegen  0.15/turn              u - ring of ice

@: no status effects
A: agile 1, clarity, sense surroundings 1
a: no special abilities


You were on level 5 of the Dungeon.
You were not hungry.

You visited 1 branch of the dungeon, and saw 5 of its levels.
You also visited: Ossuary.

You collected 344 gold pieces.

Inventory:

Hand Weapons
 g - a +2 dagger of venom (weapon)
Missiles
 b - 142 stones (quivered)
 i - 2 throwing nets
 q - 34 arrows
 y - 2 boomerangs
Armour
 e - a +3 leather armour (worn)
 k - a +0 helmet (worn)
Jewellery
 l - a +2 ring of dexterity (left hand)
 u - a ring of ice (right hand)
 E - an uncursed ring of protection from magic {unknown}
Wands
 h - a wand of digging (5)
 t - a wand of enslavement (5)
Scrolls
 m - 3 scrolls of immolation {unknown}
 n - 2 scrolls of teleportation {unknown}
 p - 3 scrolls of remove curse
 s - 2 scrolls of blinking {unknown}
 v - 3 scrolls of enchant armour {unknown}
 z - a scroll of enchant weapon {unknown}
 A - 2 scrolls of amnesia {unknown}
 B - 4 scrolls of identify
 D - 2 scrolls of fear {unknown}
Potions
 a - 3 potions of haste
 d - 2 potions of agility
 f - a potion of magic {unknown}
 j - 2 potions of flight
 o - 3 potions of curing
 r - 2 potions of invisibility
 w - 2 potions of heal wounds
 x - a potion of degeneration {unknown}
 C - 2 potions of brilliance {unknown}
 F - 2 potions of might {unknown}
Comestibles
 c - 10 rations
 G - a chunk of flesh


   Skills:
 * Level 3.6 Armour
 - Level 2.6 Dodging
 + Level 5.0 Stealth
 + Level 5.2 Spellcasting
 + Level 3.8 Conjurations
 * Level 5.1 Air Magic


You had 6 spell levels left.
You knew the following spells:

 Your Spells              Type           Power        Failure   Level  Hunger
a - Shock                 Conj/Air       ###.         2%          1    None
b - Airstrike             Air            ####......   19%         4    ####...
c - Static Discharge      Conj/Air       ###.....     8%          3    ##.....
g - Swiftness             Chrm/Air       ###.....     9%          2    None

Your spell library contained the following spells:

 Spells                   Type           Power        Failure   Level  Hunger
 Lightning Bolt           Conj/Air       ###.......   56%         5    #####..


Dungeon Overview and Level Annotations

Branches:
Dungeon (5/15)            Ossuary (visited)
 Temple: D:4-7

Altars:
Nemelex Xobeh
Trog
Uskayaw
Zin


Innate Abilities, Weirdness & Mutations

You are agile. (Dex +2)
You possess an exceptional clarity of mind.
You passively map a small area around you.


Message History

The zap misses the centaur.
The centaur shoots an arrow.
The arrow hits you!
Casting: Shock (safe; 2% risk of failure)
Confirm with . or Enter, or press ? or * to list all spells.
Aiming: Shock (safe; 2% risk of failure)
Press: ? - help, Shift-Dir - straight line, f/p - centaur
Aim: a centaur, wielding a +0 shortbow (heavily wounded)
The zap hits the centaur.
The centaur is severely wounded.
The centaur shoots an arrow.
The arrow completely misses you.
Casting: Shock (safe; 2% risk of failure)
Confirm with . or Enter, or press ? or * to list all spells.
Aiming: Shock (safe; 2% risk of failure)
Press: ? - help, Shift-Dir - straight line, f/p - centaur
Aim: a centaur, wielding a +0 shortbow (severely wounded)
The zap hits the centaur.
The centaur is severely wounded.
The centaur shoots an arrow.
The arrow hits you!
* * * LOW HITPOINT WARNING * * *
The centaur shoots an arrow.
The arrow hits you!
You die...

* ** , ..c.. * , *
.... * _ #######
#... ,
##.....######## ...,
, , #.............#
.., *
#..###.######.# .#*,
#..# #.# ##.##.#*
#..# #.# #...@.#
#..# #.#####..#####
* ##..#
#.............. *
....#
##.........###.*
##.## #.####.†#.# *,
* #.# #<# .......
##÷#####.#*.#..#.###
.........#*.#..#.#
##........ ...#,#


You could see a centaur.

Vanquished Creatures
  A wraith (Ossuary)
  An ogre (D:4)
  A scorpion (D:4)
  A gnoll shaman (D:4)
  An orc wizard (D:3)
  2 bullfrog skeletons (D:4)
  Terence (D:2)
  Jessica (D:2)
  An iguana (D:4)
  2 worker ants (D:4)
  2 mummies
  Robin (D:2)
  A gnoll (D:4)
  9 adders
  An ooze (D:2)
  4 worms
  5 dart slugs
  4 leopard geckos
  16 orcs
  3 giant cockroaches
  17 goblins
  9 hobgoblins
  14 jackals
  4 quokkas
  2 ball pythons
  10 bats
  9 frilled lizards
  8 gnoll skeletons (Ossuary)
  7 kobolds
  5 kobold skeletons (Ossuary)
  A leopard gecko skeleton (D:4)
  12 orc skeletons (Ossuary)
  A quokka skeleton (D:4)
  8 rats
165 creatures vanquished.

Notes
Turn   | Place    | Note
-------+----------+-------------------------------------------
     0 | D:1      | Descartes the Deep Elf Air Elementalist began the quest for
                  | the Orb.
     0 | D:1      | Reached XP level 1. HP: 10/10 MP: 6/6
   191 | D:1      | Reached XP level 2. HP: 15/15 MP: 1/8
   769 | D:1      | Reached XP level 3. HP: 19/19 MP: 1/9
  1193 | D:2      | Reached skill level 1 in Armour
  1607 | D:2      | Reached XP level 4. HP: 24/24 MP: 3/11
  1806 | D:2      | Noticed Terence
  1822 | D:2      | Gained mutation: You are weak. (Str -2) [potion of
                  | mutation]
  1822 | D:2      | Gained mutation: You are occasionally teleported next to
                  | monsters. [potion of mutation]
  1822 | D:2      | Gained mutation: You passively map a small area around you.
                  | [potion of mutation]
  1822 | D:2      | Gained mutation: You expend magic power (3 MP) to
                  | strengthen your wands. [potion of mutation]
  1849 | D:2      | Killed Terence
  1931 | D:2      | Lost mutation: You are weak. (Str -2) [potion of mutation]
  1931 | D:2      | Lost mutation: You expend magic power (3 MP) to strengthen
                  | your wands. [potion of mutation]
  1931 | D:2      | Lost mutation: You are occasionally teleported next to
                  | monsters. [potion of mutation]
  1931 | D:2      | Gained mutation: You are somewhat resistant to further
                  | mutation. [potion of mutation]
  1931 | D:2      | Gained mutation: You are agile. (Dex +2) [potion of
                  | mutation]
  1931 | D:2      | Lost mutation: You are somewhat resistant to further
                  | mutation. [potion of mutation]
  1931 | D:2      | Gained mutation: You possess an exceptional clarity of
                  | mind. [potion of mutation]
  1968 | D:2      | Noticed Robin
  1975 | D:2      | Killed Robin
  2087 | D:2      | Reached XP level 5. HP: 28/28 MP: 5/13
  2321 | D:2      | Noticed Jessica
  2330 | D:2      | Killed Jessica
  2506 | D:2      | Found a bloodstained altar of Trog.
  2509 | D:2      | Found a glowing silver altar of Zin.
  2512 | D:2      | Found a hide-covered altar of Uskayaw.
  2631 | D:3      | Learned a level 4 spell: Airstrike
  2635 | D:3      | Learned a level 3 spell: Static Discharge
  2638 | D:3      | Learned a level 2 spell: Swiftness
  3486 | D:3      | Found a sparkling altar of Nemelex Xobeh.
  4029 | D:4      | Found a sand-covered staircase.
  4037 | D:4      | Reached XP level 6. HP: 32/32 MP: 6/14
  4046 | Ossuary  | Entered an ossuary
  4046 | Ossuary  | Noticed a wraith
  4046 | Ossuary  | Noticed a wraith
  4046 | Ossuary  | Noticed a wraith
  4250 | Ossuary  | Noticed a wraith
  4273 | Ossuary  | Killed a wraith
  5460 | D:4      | Reached XP level 7. HP: 35/36 MP: 9/16
  5645 | D:4      | Reached skill level 5 in Spellcasting
  6099 | D:4      | Reached skill level 5 in Air Magic
  6143 | D:4      | Reached skill level 5 in Stealth
  6407 | D:5      | Entered Level 5 of the Dungeon
  6520 | D:5      | Shot with an arrow by a centaur

Levels and vault maps discovered:
D:1:      wander_arrival_chamber, layout_rooms, minmay_quantized
D:2:      layout_rooms, grunt_temple_overflow_diamond, first_ration,
          grunt_decor_one_mirror, minmay_nonomino_d4, uniq_jessica,
          uniq_terence, uniq_robin
D:3:      layout_loops_ring, lemuel_round_altar, kennysheep_nub
D:4:      layout_cave_pods, gup_ossuary_entry_pyramid, nzn_random_ring
D:5:      layout_loops_ring, elyvilon_altar_3, grunt_dithmenos_smoke

Skill      XL: |  1  2  3  4  5  6  7 |
---------------+----------------------+-----
Stealth        | 3 4 5 |  5.0
Armour         | 1 2 3 |  3.6
Conjurations   | 2 3 |  3.8
Spellcasting   | 4 5 |  5.2
Air Magic      | 4 5 |  5.1
Dodging        | |  2.6

Action                   |  1- 3 |  4- 6 |  7- 9 || total
-------------------------+-------+-------+-------++-------
Melee: Unarmed           |       |     8 |       ||     8
       Dagger            |       |    12 |       ||    12
 Cast: Shock             |    98 |   220 |    73 ||   391
       Swiftness         |       |     2 |       ||     2
       Airstrike         |       |     3 |       ||     3
  Use: Potion            |       |     8 |       ||     8
       Scroll            |       |     5 |       ||     5
  Eat: Chunk             |     2 |     8 |     4 ||    14
       Ration            |       |     1 |       ||     1
Armor: Leather armour    |    15 |    12 |    10 ||    37
       Skin              |       |    21 |       ||    21
Dodge: Dodged            |    18 |    34 |    14 ||    66
